 Dungeon Crawl Stone Soup version bcrawl-1.22 (webtiles) character file.

Game seed: 4062134893039129624

14877 funkygono the Blocker (level 12, -7/96 HPs)
             Began as a Gnoll Fighter on May 11, 2020.
             Was a High Priest of Okawaru.
             Killed from afar by an electric eel (10 damage)
             ... with a bolt of electricity
             ... on level 1 of the Lair of Beasts.
             The game lasted 00:34:19 (11730 turns).

funkygono the Blocker (Gnoll Fighter)              Turns: 11730, Time: 00:34:19

Health: -7/96      AC: 18    Str: 24    XL:     12   Next: 21%
Magic:  22/22      EV: 16    Int: 14    God:    Okawaru [*****.]
Gold:   856        SH: 15    Dex: 14    Spells: 24/24 levels left

rFire    + . .     SeeInvis .   a - +3 long sword
rCold    . . .     Gourm    .   c - +1 medium shield
rNeg     . . .     Faith    .   p - +0 scale mail
rPois    .         Spirit   .   w - +2 helmet {Int+3}
rElec    .         Reflect  .   z - +0 cloak
rCorr    .         Harm     .   y - +2 pair of gloves
MR       .....                  t - +0 pair of boots
Stlth    ++........             O - amulet of inaccuracy (curse)
HPRegen  0.26/turn              l - ring of protection from fire
MPRegen  0.18/turn              J - +3 ring of evasion

@: no status effects
A: distributed training, fangs 1, strong nose
a: Heroism, Finesse, Renounce Religion


You were on level 1 of the Lair of Beasts.
You worshipped Okawaru.
Okawaru was extremely pleased with you.
You were not hungry.

You visited 3 branches of the dungeon, and saw 13 of its levels.
You also visited: Sewer.

You collected 856 gold pieces.

Inventory:

Hand Weapons
 a - a +3 long sword (weapon)
 C - a +2 glaive of protection
 L - a +3 quick blade
Missiles
 f - 248 poisoned needles
 m - 63 javelins of penetration (quivered)
 q - 17 curare-tipped needles
 s - 217 tomahawks
 x - 623 sling bullets
 P - 731 arrows
Armour
 c - a +1 medium shield (worn)
 p - a +0 scale mail (worn)
 t - a +0 pair of boots (worn)
 w - a +2 helmet of intelligence (worn)
 y - a +2 pair of gloves (worn)
 z - a +0 cloak (worn)
 M - the +0 robe of an ossuary {Int+4 Dex+3}
   (You found it on level 8 of the Dungeon)

   It affects your intelligence (+4).
   It affects your dexterity (+3).
Jewellery
 h - an uncursed ring of ice
 l - a ring of protection from fire (left hand)
 G - a +5 ring of intelligence
 J - a +3 ring of evasion (right hand)
 O - a cursed amulet of inaccuracy (around neck)
Wands
 E - a wand of disintegration (17)
 Q - a wand of scattershot (3)
Scrolls
 b - a scroll of remove curse
 o - 4 scrolls of teleportation
 v - 3 scrolls of fog
Potions
 d - 3 potions of might
 g - 4 potions of brilliance
 i - 3 potions of agility
 j - 2 potions of lignification
 k - 8 potions of heal wounds
 n - 12 potions of curing
 r - 2 potions of mutation
 u - 2 potions of ambrosia
 A - 8 potions of flight
 B - a potion of cancellation
 D - 2 potions of magic
 H - a potion of berserk rage
Comestibles
 e - 25 rations {!d}


   Skills:
 + Level 9.6 Fighting
 + Level 6.9 Short Blades
 + Level 8.4 Long Blades
 + Level 6.9 Axes
 + Level 6.9 Maces & Flails
 + Level 6.9 Polearms
 + Level 6.9 Staves
 + Level 6.9 Slings
 + Level 6.9 Bows
 + Level 6.9 Crossbows
 + Level 6.9 Throwing
 + Level 9.6 Armour
 + Level 6.9 Dodging
 + Level 6.9 Stealth
 + Level 9.6 Shields
 + Level 6.9 Unarmed Combat
 + Level 6.9 Spellcasting
 + Level 5.7 Conjurations
 + Level 5.7 Hexes
 + Level 5.7 Charms
 + Level 5.7 Summonings
 + Level 5.7 Necromancy
 + Level 5.7 Translocations
 + Level 5.7 Transmutations
 + Level 5.7 Fire Magic
 + Level 5.7 Ice Magic
 + Level 5.7 Air Magic
 + Level 5.7 Earth Magic
 + Level 5.7 Poison Magic
 + Level 7.6 Invocations
 + Level 6.9 Evocations


You had 24 spell levels left.
You didn't know any spells.
Your spell library contained the following spells:

 Spells                   Type           Power        Failure   Level  Hunger
 Corona                   Hex            ###....      5%          1    None
 Ensorcelled Hibernation  Hex/Ice        ###...       9%          2    #......
 Confuse                  Hex            ###.....     17%         3    ##.....
 Dazzling Spray           Conj/Hex       ###...       17%         3    ##.....
 Tukima's Dance           Hex            ###.....     17%         3    ##.....
 Ice Form                 Ice/Tmut       ###.....     50%         4    ####...
 Metabolic Englaciation   Hex/Ice        ###.......   83%         5    ######.
 Bolt of Cold             Conj/Ice       ###.......   100%        6    #######
 Freezing Cloud           Ice/Air        ###.......   100%        6    #######
 Ozocubu's Refrigeration  Ice            ###.......   100%        6    #######
 Simulacrum               Ice/Necr       ###.......   100%        6    #######


Dungeon Overview and Level Annotations

Branches:
Dungeon (11/12)            Temple (1/1) D:5            Lair (1/6) D:9
    Orc (0/1) D:11
 Vaults: D:11-12

Altars:
Ashenzari
Cheibriados
Dithmenos
Elyvilon
Fedhas
Gozag
Hepliaklqana
Kikubaaqudgha
Lugonu
Makhleb
Nemelex Xobeh
Okawaru
Qazlal
Ru
Sif Muna
Trog
Uskayaw
Vehumet
Wu Jian
Xom
Yredelemnul
Zin
The Shining One

Shops:
D:5 %   D:9 (   D:11 (


Innate Abilities, Weirdness & Mutations

Your experience applies equally to all skills.
You have very sharp teeth.
Your uncanny sense of smell can sniff out nearby items.


Message History

The bolt of electricity hits you!
* * * LOW HITPOINT WARNING * * *
You turn to flesh and can move again.
Throwing (i - inventory. (/) - cycle)
m - 64 javelins of penetration (quivered)
Press: ? - help, Shift-Dir - straight line, f/p - electric eel
Aim: an electric eel (water, almost dead)
You throw a javelin of penetration.
The javelin of penetration pierces through the electric eel!
You kill the electric eel!
Okawaru accepts your kill.
You hear a splash.
The electric eel shoots out a bolt of lightning at you!
The bolt of electricity hits you!
* * * LOW HITPOINT WARNING * * *
The electric eel shoots out a bolt of lightning at you!
The bolt of electricity hits you!
* * * LOW HITPOINT WARNING * * *
The electric eel shoots out a bolt of lightning at you!
The bolt of electricity hits you!
You die...

#......;≈≈≈..(
#P.##........;.≈..
##≈≈≈..............
#≈♣≈...............
P≈P≈≈...#..........
♣≈≈P.....#.$.......
♣≈≈≈....##..#..####
≈≈≈P....#....##
♣≈♣#...@.#P##
#≈.....####
##.....# #....##
#....# ##..## ###
##..## #.## ##..#
##..# ### P
##.###..# #.##..


You could see an electric eel.

Vanquished Creatures
  Fannar (D:10)
  A hydra (D:11)
  2 centaur warriors
  A two-headed ogre (D:11)
  2 cyclopes
  2 ugly things
  A centaur zombie (D:9)
  A komodo dragon (Lair:1)
  2 trolls
  A hippogriff (D:7)
  A dream sheep (D:3)
  A meliai zombie (D:7)
  3 hogs (D:7)
  A wyvern (D:8)
  7 yaks
  A human (D:7)
  2 hungry ghosts
  Duvessa (D:7)
  A water moccasin (D:8)
  6 orc warriors
  3 sky beasts
  3 necrophages
  6 ogres
  4 phantoms
  8 centaurs
  2 bullfrogs
  Blork the orc (D:5)
  2 big kobolds
  A gnoll sergeant (D:8)
  Dowan (D:7)
  2 scorpions
  2 troll zombies (D:11)
  4 killer bees
  5 wights (D:10)
  An electric eel (Lair:1)
  A bullfrog zombie (D:8)
  2 hounds
  2 crimson imps
  4 jellies
  8 orc wizards
  5 centaur skeletons
  10 orc priests
  A bullfrog skeleton (D:8)
  2 iguanas
  7 worker ants
  6 ogre zombies (D:11)
  A hound zombie (D:10)
  A hound skeleton (D:6)
  A howler monkey skeleton (D:4)
  5 gnolls (D:8)
  16 adders
  A river rat (D:4)
  An ooze (D:2)
  3 worms
  4 dart slugs
  3 leopard geckos
  33 orcs
  4 ball pythons
  4 giant cockroaches
  7 goblins
  12 hobgoblins
  7 jackals
  24 kobolds
  3 quokkas
  7 bats
  3 frilled lizards
  A goblin skeleton (D:11)
  2 goblin zombies (D:11)
  A hobgoblin skeleton (D:11)
  A hobgoblin zombie (D:11)
  5 orc skeletons (D:11)
  15 orc zombies (D:11)
  10 rats
306 creatures vanquished.

Vanquished Creatures (others)
  4 dream sheep (D:3)
4 creatures vanquished.

Grand Total: 310 creatures vanquished

Notes
Turn   | Place    | Note
-------+----------+-------------------------------------------
     0 | D:1      | funkygono the Gnoll Fighter began the quest for the Orb.
     0 | D:1      | Reached XP level 1. HP: 23/23 MP: 1/1
   251 | D:1      | Reached XP level 2. HP: 29/29 MP: 2/2
   863 | D:2      | Reached XP level 3. HP: 13/35 MP: 3/3
  1281 | D:2      | Reached skill level 1 in Invocations
  1554 | D:2      | Found a corrupted altar of Lugonu.
  1565 | D:2      | Reached skill level 1 in Short Blades
  1565 | D:2      | Reached skill level 1 in Axes
  1565 | D:2      | Reached skill level 1 in Maces & Flails
  1565 | D:2      | Reached skill level 1 in Polearms
  1565 | D:2      | Reached skill level 1 in Staves
  1565 | D:2      | Reached skill level 1 in Slings
  1565 | D:2      | Reached skill level 1 in Bows
  1565 | D:2      | Reached skill level 1 in Crossbows
  1565 | D:2      | Reached skill level 1 in Throwing
  1565 | D:2      | Reached skill level 1 in Dodging
  1565 | D:2      | Reached skill level 1 in Stealth
  1565 | D:2      | Reached skill level 1 in Unarmed Combat
  1565 | D:2      | Reached skill level 1 in Spellcasting
  1565 | D:2      | Reached skill level 1 in Evocations
  1565 | D:2      | Reached XP level 4. HP: 39/41 MP: 5/5
  1994 | D:3      | Reached skill level 1 in Conjurations
  1994 | D:3      | Reached skill level 1 in Hexes
  1994 | D:3      | Reached skill level 1 in Charms
  1994 | D:3      | Reached skill level 1 in Summonings
  1994 | D:3      | Reached skill level 1 in Necromancy
  1994 | D:3      | Reached skill level 1 in Translocations
  1994 | D:3      | Reached skill level 1 in Transmutations
  1994 | D:3      | Reached skill level 1 in Fire Magic
  1994 | D:3      | Reached skill level 1 in Ice Magic
  1994 | D:3      | Reached skill level 1 in Air Magic
  1994 | D:3      | Reached skill level 1 in Earth Magic
  1994 | D:3      | Reached skill level 1 in Poison Magic
  2000 | D:3      | Reached XP level 5. HP: 41/47 MP: 6/6
  2333 | D:3      | Found a white marble altar of Elyvilon.
  2639 | D:3      | Noticed a dream sheep
  2639 | D:3      | Noticed a dream sheep
  2639 | D:3      | Noticed a dream sheep
  2639 | D:3      | Noticed a dream sheep
  2639 | D:3      | Noticed a dream sheep
  2639 | D:3      | Found a shimmering altar of Xom.
  2644 | D:3      | Killed a dream sheep
  2644 | D:3      | Killed a dream sheep
  2644 | D:3      | Killed a dream sheep
  2645 | D:3      | Killed a dream sheep
  2645 | D:3      | Reached XP level 6. HP: 53/53 MP: 8/8
  2645 | D:3      | Killed a dream sheep
  2718 | D:4      | Reached skill level 5 in Long Blades
  2891 | D:4      | Found a radiant altar of Vehumet.
  2891 | D:4      | Found a snail-covered altar of Cheibriados.
  2891 | D:4      | Found an ancient bone altar of Kikubaaqudgha.
  2891 | D:4      | Found a hide-covered altar of Uskayaw.
  2924 | D:4      | Found a blossoming altar of Fedhas.
  2928 | D:4      | Found a sacrificial altar of Ru.
  2991 | D:4      | Reached XP level 7. HP: 59/59 MP: 10/10
  3076 | D:4      | Found a glowing drain.
  3099 | Sewer    | Entered a sewer
  3601 | D:5      | Entered Level 5 of the Dungeon
  3715 | D:5      | Found a staircase to the Ecumenical Temple.
  3724 | Temple   | Entered the Ecumenical Temple
  3795 | Temple   | Became a worshipper of Warmaster Okawaru
  3832 | D:5      | Noticed Blork the orc
  3845 | D:5      | Killed Blork the orc
  3845 | D:5      | Reached XP level 8. HP: 58/67 MP: 12/12
  3956 | D:5      | Found Fosmonn's Food Shop.
  4596 | D:6      | Reached * piety under Okawaru
  4837 | D:6      | Found an ornate altar of the Wu Jian Council.
  4889 | D:6      | Found a stormy altar of Qazlal.
  5291 | D:6      | Identified a scroll of acquirement
  5291 | D:6      | Identified the ring of Symmetry {rF++ Int+3} (You acquired
                  | it on level 6 of the Dungeon)
  5528 | D:7      | Noticed a hippogriff
  5543 | D:7      | Killed a hippogriff
  5751 | D:7      | Reached XP level 9. HP: 60/73 MP: 14/14
  5838 | D:7      | Reached ** piety under Okawaru
  6197 | D:7      | Noticed Duvessa
  6199 | D:7      | Noticed Dowan
  6213 | D:7      | Killed Duvessa
  6223 | D:7      | Killed Dowan
  6223 | D:7      | Reached skill level 5 in Invocations
  6236 | D:7      | Found a shadowy altar of Dithmenos.
  6679 | D:8      | Found a bloodstained altar of Trog.
  6687 | D:8      | Reached *** piety under Okawaru
  6854 | D:8      | Reached XP level 10. HP: 80/80 MP: 17/17
  7264 | D:8      | Got a sheer robe
  7327 | D:8      | Reached skill level 5 in Short Blades
  7327 | D:8      | Reached skill level 5 in Axes
  7327 | D:8      | Reached skill level 5 in Maces & Flails
  7327 | D:8      | Reached skill level 5 in Polearms
  7327 | D:8      | Reached skill level 5 in Staves
  7327 | D:8      | Reached skill level 5 in Slings
  7327 | D:8      | Reached skill level 5 in Bows
  7327 | D:8      | Reached skill level 5 in Crossbows
  7327 | D:8      | Reached skill level 5 in Throwing
  7327 | D:8      | Reached skill level 5 in Dodging
  7327 | D:8      | Reached skill level 5 in Stealth
  7327 | D:8      | Reached skill level 5 in Unarmed Combat
  7327 | D:8      | Reached skill level 5 in Spellcasting
  7327 | D:8      | Reached skill level 5 in Evocations
  7366 | D:8      | Found a hazy altar of Hepliaklqana.
  7569 | D:8      | Identified the cursed +0 robe of an ossuary {Int+4 Dex+3}
                  | (You found it on level 8 of the Dungeon)
  7819 | D:9      | Reached **** piety under Okawaru
  7880 | D:9      | Found Yliode's Antique Weapon Shop.
  7945 | D:9      | Noticed a centaur warrior
  7961 | D:9      | Killed a centaur warrior
  7961 | D:9      | Received a gift from Okawaru
  8476 | D:9      | Found a glowing golden altar of the Shining One.
  8507 | D:9      | Found a staircase to the Lair.
  8640 | D:9      | Reached XP level 11. HP: 52/87 MP: 19/19
  9103 | D:10     | Entered Level 10 of the Dungeon
  9121 | D:10     | Noticed a red ugly thing
  9125 | D:10     | Killed a red ugly thing
  9125 | D:10     | Reached ***** piety under Okawaru
  9199 | D:10     | Noticed a cyclops
  9238 | D:10     | Killed a cyclops
  9405 | D:10     | Noticed Fannar
  9434 | D:10     | Killed Fannar
  9434 | D:10     | Received a gift from Okawaru
  9434 | D:10     | Reached skill level 5 in Conjurations
  9434 | D:10     | Reached skill level 5 in Hexes
  9434 | D:10     | Reached skill level 5 in Charms
  9434 | D:10     | Reached skill level 5 in Summonings
  9434 | D:10     | Reached skill level 5 in Necromancy
  9434 | D:10     | Reached skill level 5 in Translocations
  9434 | D:10     | Reached skill level 5 in Transmutations
  9434 | D:10     | Reached skill level 5 in Fire Magic
  9434 | D:10     | Reached skill level 5 in Ice Magic
  9434 | D:10     | Reached skill level 5 in Air Magic
  9434 | D:10     | Reached skill level 5 in Earth Magic
  9434 | D:10     | Reached skill level 5 in Poison Magic
 10264 | D:11     | Noticed a cyan ugly thing
 10279 | D:11     | Killed a cyan ugly thing
 10279 | D:11     | Received a gift from Okawaru
 10352 | D:11     | Found Vauledow's Weapon Shop.
 10378 | D:11     | Noticed a cyclops
 10400 | D:11     | Killed a cyclops
 10530 | D:11     | Received a gift from Okawaru
 10592 | D:11     | Found a staircase to the Orcish Mines.
 10728 | D:11     | Noticed a centaur warrior
 10762 | D:11     | Killed a centaur warrior
 10762 | D:11     | Reached XP level 12. HP: 76/96 MP: 18/22
 10833 | D:11     | Noticed a two-headed ogre
 10841 | D:11     | Killed a two-headed ogre
 11043 | D:11     | Noticed an eight-headed hydra
 11062 | D:11     | Killed a 15-headed hydra
 11579 | Lair:1   | Entered Level 1 of the Lair of Beasts
 11728 | Lair:1   | HP: 2/96 [electric eel/bolt of electricity (13)]
 11730 | Lair:1   | Killed from afar by an electric eel

Skill      XL: |  1  2  3  4  5  6  7  8  9 10 11 |
---------------+----------------------------------+-----
Invocations    | 1 2 3 4 5 6 7 |  7.6
Short Blades   | 1 2 3 4 5 6 |  6.9
Axes           | 1 2 3 4 5 6 |  6.9
Maces & Flails | 1 2 3 4 5 6 |  6.9
Polearms       | 1 2 3 4 5 6 |  6.9
Staves         | 1 2 3 4 5 6 |  6.9
Slings         | 1 2 3 4 5 6 |  6.9
Bows           | 1 2 3 4 5 6 |  6.9
Crossbows      | 1 2 3 4 5 6 |  6.9
Throwing       | 1 2 3 4 5 6 |  6.9
Dodging        | 1 2 3 4 5 6 |  6.9
Stealth        | 1 2 3 4 5 6 |  6.9
Unarmed Combat | 1 2 3 4 5 6 |  6.9
Spellcasting   | 1 2 3 4 5 6 |  6.9
Evocations     | 1 2 3 4 5 6 |  6.9
Conjurations   | 1 2 3 4 5 |  5.7
Hexes          | 1 2 3 4 5 |  5.7
Charms         | 1 2 3 4 5 |  5.7
Summonings     | 1 2 3 4 5 |  5.7
Necromancy     | 1 2 3 4 5 |  5.7
Translocations | 1 2 3 4 5 |  5.7
Transmutations | 1 2 3 4 5 |  5.7
Fire Magic     | 1 2 3 4 5 |  5.7
Ice Magic      | 1 2 3 4 5 |  5.7
Air Magic      | 1 2 3 4 5 |  5.7
Earth Magic    | 1 2 3 4 5 |  5.7
Poison Magic   | 1 2 3 4 5 |  5.7
Long Blades    | 5 6 7 8 |  8.4
Fighting       | 7 8 9 |  9.6
Armour         | 7 8 9 |  9.6
Shields        | 7 8 9 |  9.6

Action                   |  1- 3 |  4- 6 |  7- 9 | 10-12 || total
-------------------------+-------+-------+-------+-------++-------
Melee: Long sword        |    98 |    87 |   245 |   420 ||   850
       Bite              |     9 |    13 |    41 |    82 ||   145
       Staff             |       |       |     2 |       ||     2
       Quick blade       |       |       |       |    15 ||    15
Throw: Javelin           |     6 |    60 |    72 |   182 ||   320
       Stone             |       |       |     3 |       ||     3
       Tomahawk          |       |       |    35 |    69 ||   104
Invok: Heroism           |       |       |     2 |     7 ||     9
  Use: Scroll            |     3 |     7 |    11 |    10 ||    31
       Potion            |       |       |       |     2 ||     2
  Eat: Chunk             |     2 |     5 |     8 |     6 ||    21
       Ration            |       |       |     2 |     3 ||     5
Armor: Scale mail        |    26 |    30 |   124 |    87 ||   267
       Robe              |       |       |       |    19 ||    19
Dodge: Dodged            |    21 |    18 |    91 |   187 ||   317
Block: Medium shield     |    50 |    45 |   233 |   320 ||   648
